 Dungeon Crawl Stone Soup version bcrawl-1.23.3 (webtiles) character file.

Game seed: 15925696173583021078

12240 Morbidden the Martial Artist (level 11, -22/95 HPs)
             Began as a Purple Draconian Monk on June 3, 2020.
             Was a Believer of Sif Muna.
             Engulfed by a cloud of flame (28 damage)
             ... in a volcano.
             The game lasted 00:35:55 (11455 turns).

Morbidden the Martial Artist (DrMo)                Turns: 11455, Time: 00:35:55

Health: -22/95     AC: 11    Str: 14      XL:     11   Next: 59%
Magic:  0/22       EV: 17    Int: 11 (13) God:    Sif Muna [**....]
Gold:   612        SH:  0    Dex: 14      Spells: 18/25 levels left

rFire    . . .     SeeInvis .     - Unarmed
rCold    . . .     Gourm    .   (no shield)
rNeg     . . .     Faith    .   (armour unavailable)
rPois    +         Spirit   +   a - +1 hat
rElec    .         Reflect  .   K - +2 cloak
rCorr    .         Harm     .   (no gloves)
MR       +....                  (no boots)
Stlth    +.........             y - amulet of guardian spirit
HPRegen  0.25/turn              f - ring of poison resistance
MPRegen  0.18/turn              d - +4 ring of slaying

@: confused, very slightly contaminated, studying Bows
A: breathe power, unfitting armour, cold-blooded, AC +7
a: Breathe Dispelling Energy, Divine Energy, Renounce Religion


You were in a volcano.
You worshipped Sif Muna.
Sif Muna was pleased with you.
You were not hungry.

You visited 3 branches of the dungeon, and saw 12 of its levels.
You also visited: Volcano.

You collected 612 gold pieces.

Inventory:

Hand Weapons
 b - a +4 shortbow of flaming
 F - a +0 longbow
Missiles
 s - 34 exploding tomahawks (quivered)
 A - 810 arrows
Armour
 a - a +1 hat (worn)
 K - a +2 cloak (worn)
Jewellery
 d - a +4 ring of slaying (right hand)
 f - a ring of poison resistance (left hand)
 k - an uncursed ring of wizardry
 y - an amulet of guardian spirit (around neck)
 B - an uncursed ring of insulation
 M - an uncursed ring of stealth
Wands
 H - a wand of enslavement (6)
Scrolls
 c - a scroll of remove curse
 g - 6 scrolls of identify
 h - a scroll of teleportation
 i - 3 scrolls of amnesia
 m - a scroll of immolation
 n - 3 scrolls of magic mapping
 E - a scroll of enchant armour
 N - a scroll of summoning {unknown}
Potions
 l - a potion of cancellation
 o - a potion of flight
 q - 6 potions of curing
 r - a potion of brilliance
 t - 2 potions of haste
 u - a potion of magic
 v - a potion of resistance
 w - 2 potions of mutation
 x - a potion of degeneration
 I - a potion of lignification
Books
 D - a manual of Bows
Comestibles
 e - 14 rations {!d}


   Skills:
 * Level 8.4 Fighting
 + Level 4.9 Bows
 - Level 2.8 Throwing
 * Level 8.1 Dodging
 + Level 4.0 Stealth
 * Level 9.4 Unarmed Combat
 * Level 7.7 Spellcasting
   Level 1.8 Hexes
 + Level 2.5 Charms
 * Level 4.4 Transmutations
 + Level 2.1 Fire Magic
 - Level 5.0 Invocations


You had 18 spell levels left.
You knew the following spells:

 Your Spells              Type           Power        Failure   Level  Hunger
a - Flaming Arrows        Chrm/Fire      #.......     10%         2    #......
b - Blade Hands           Tmut           ##........   58%         5    ######.

Your spell library contained the following spells:

 Spells                   Type           Power        Failure   Level  Hunger
 Beastly Appendage        Tmut           ##....       2%          1    None
 Sticks to Snakes         Tmut           ##......     4%          2    #......
 Infusion                 Chrm           #.......     6%          1    None
 Swiftness                Chrm/Air       #.......     14%         2    #......
 Magic Dart               Conj           #...         16%         1    None
 Shock                    Conj/Air       #....        16%         1    None
 Spider Form              Tmut/Pois      #..          19%         3    ###....
 Ignite Poison            Fire/Tmut/Pois #.......     21%         3    ###....
 Confuse                  Hex            #.......     22%         3    ###....
 Inner Flame              Hex/Fire       N/A          22%         3    ###....
 Blink                    Tloc           N/A          24%         2    #......
 Call Imp                 Summ           #.....       24%         2    #......
 Conjure Flame            Conj/Fire      #.......     30%         3    ###....
 Dazzling Spray           Conj/Hex       #.....       32%         3    ###....
 Yara's Violent Unravell  Hex/Tmut       ##........   41%         4    ####...
 Mephitic Cloud           Conj/Pois/Air  #.......     43%         3    ###....
 Recall                   Summ/Tloc      N/A          43%         3    ###....
 Static Discharge         Air            #.......     43%         3    ###....
 Ice Form                 Ice/Tmut       #.......     54%         4    ####...
 Petrify                  Tmut/Erth      #.......     54%         4    ####...
 Cause Fear               Hex            #.........   58%         4    ####...
 Sticky Flame             Conj/Fire      #.......     71%         4    ####...
 Airstrike                Air            #.........   85%         4    ####...
 Metabolic Englaciation   Hex/Ice        #.........   97%         5    ######.
 Lightning Bolt           Conj/Air       #.........   99%         5    ######.
 Bolt of Fire             Conj/Fire      #.........   100%        6    #######
 Freezing Cloud           Ice/Air        #.........   100%        6    #######
 Statue Form              Tmut/Erth      #........    100%        6    #######
 Dragon Form              Tmut           ##.....      100%        7    #######
 Mana Rupture             Conj/Hex       #.........   100%        7    #######
 Chain Lightning          Conj/Air       #.........   100%        8    #######
 Time Stop                Chrm/Tloc      N/A          100%        8    #######
 Dragon's Call            Summ           #.........   100%        9    #######
 Fire Storm               Conj/Fire      #.........   100%        9    #######


Dungeon Overview and Level Annotations

Branches:
Dungeon (10/12)            Temple (1/1) D:7            Lair (1/6) D:9
    Orc: D:8-11

Altars:
Cheibriados
Elyvilon
Fedhas
Gozag
Kikubaaqudgha
Makhleb
Okawaru
Qazlal
Sif Muna
Trog
Uskayaw
Vehumet
Wu Jian
Yredelemnul
Zin
The Shining One

Annotations:
D:7 3 runed translucent doors, yrara's ghost, novice DsFi


Innate Abilities, Weirdness & Mutations

You can breathe bolts of dispelling energy.
Your rich purple scales are hard. (AC +7)
You cannot fit into any form of body armour.
You are cold-blooded and may be slowed by cold attacks.


Message History

It stops flaming.
The salamander hits you.
* * * LOW HITPOINT WARNING * * *
You are engulfed in flames!
* * * LOW HITPOINT WARNING * * *
Your surroundings suddenly seem different.
The air gets thick with the scent of sulphur.
You start resting.
In the distance, the volcano erupts with a roar.
You are engulfed in blazing flames.
* * * LOW HITPOINT WARNING * * *
Unknown command.
You feel better.
You are engulfed in blazing flames.
* * * LOW HITPOINT WARNING * * *
You feel much better.
You are engulfed in blazing flames.
* * * LOW HITPOINT WARNING * * *
Unknown command.
Okay, then.
You are confused.
You feel invigorated.
You are engulfed in blazing flames.
You die...

≈#§≈≈ °≈°°≈ ≈≈≈§≈°≈
#≈°§≈§≈##+
≈§≈°§≈≈#°######≈≈
#≈°≈§≈.°°......≈≈
≈°§§≈.°...°°°.°≈≈
§°≈≈≈≈°°@####.°°≈≈≈≈≈≈
≈§°°≈.°°## #.≈.≈≈≈≈≈
≈§§≈°≈≈°# #.≈≈≈≈≈≈≈
≈§≈≈≈≈.°# +.≈≈≈≈≈≈≈
≈§≈§≈≈.°# #.≈≈≈≈≈≈≈
≈≈≈°≈...## ##.≈.≈≈≈≈≈
#°§°≈§°..####..≈≈≈≈≈≈≈
≈≈°°○.≈.....N..≈≈≈≈≈≈≈
§≈≈§≈§≈§...####..≈≈≈≈≈≈≈


There were no monsters in sight!

Vanquished Creatures
  A two-headed ogre (D:8)
  A centaur warrior (D:9)
  A hell hog (Volcano)
  An ugly thing (D:10)
  2 centaur zombies
  2 manticores (D:10)
  4 centaur skeletons
  2 trolls (D:8)
  Prince Ribbit (D:5)
  2 hippogriffs
  8 yaks
  A wyvern (D:7)
  A hungry ghost (D:7)
  A steam dragon (D:6)
  2 wargs (D:9)
  Menkaure (D:5)
  Edmund (D:5)
  4 water moccasins
  Duvessa (D:5)
  A black bear (D:8)
  4 orc warriors
  A phantom (D:5)
  4 ice beasts
  7 centaurs
  6 ogres
  2 big kobolds
  6 bullfrogs
  A gnoll sergeant (D:5)
  2 wyvern skeletons
  2 scorpions
  5 howler monkeys
  4 crimson imps
  A quasit (D:8)
  6 hounds
  6 orc priests
  7 orc wizards
  An iguana (D:6)
  7 worker ants
  2 hound skeletons (D:9)
  A worker ant zombie (D:7)
  7 gnolls
  11 adders
  A howler monkey skeleton (D:5)
  3 shadow imps
  2 adder skeletons
  2 adder zombies
  2 worms
  2 dart slugs (D:1)
  7 leopard geckos
  45 orcs
  2 ball pythons
  2 giant cockroaches
  A goblin (D:1)
  8 hobgoblins
  13 jackals
  14 kobolds
  5 quokkas
  4 bats
  2 frilled lizards
  A jackal zombie (D:7)
  A quokka skeleton (D:3)
  4 rats
252 creatures vanquished.

Vanquished Creatures (others)
  2 two-headed ogres (Volcano)
  A hell hog (Volcano)
  A hell hound (Volcano)
  A centaur (Volcano)
  A worker ant (D:6)
  4 plants (Lair:1)
10 creatures vanquished.

Grand Total: 262 creatures vanquished

Notes
Turn   | Place    | Note
-------+----------+-------------------------------------------
     0 | D:1      | Morbidden the Draconian Monk began the quest for the Orb.
     0 | D:1      | Reached XP level 1. HP: 19/19 MP: 2/2
   110 | D:1      | Reached XP level 2. HP: 17/26 MP: 1/3
   700 | D:2      | Found an ancient bone altar of Kikubaaqudgha.
   776 | D:2      | Reached XP level 3. HP: 23/31 MP: 4/4
   849 | D:2      | Reached skill level 1 in Spellcasting
  1335 | D:2      | Reached XP level 4. HP: 38/40 MP: 5/5
  2862 | D:4      | Found a bloodstained altar of Trog.
  2881 | D:4      | Reached skill level 4 in Unarmed Combat
  2881 | D:4      | Reached XP level 5. HP: 28/46 MP: 3/7
  3040 | D:4      | Found a radiant altar of Vehumet.
  3145 | D:4      | Noticed an ogre
  3560 | D:4      | Noticed an ogre
  3575 | D:4      | Killed an ogre
  3575 | D:4      | Reached XP level 6. HP: 44/52 MP: 7/9
  3749 | D:4      | Reached skill level 5 in Unarmed Combat
  3897 | D:4      | Your scales start taking on a rich purple colour.
  3897 | D:4      | Reached XP level 7. HP: 60/60 MP: 11/11
  3927 | D:5      | Entered Level 5 of the Dungeon
  3945 | D:5      | Found a white marble altar of Elyvilon.
  4016 | D:5      | Noticed Edmund
  4055 | D:5      | Killed Edmund
  4282 | D:5      | Reached skill level 5 in Fighting
  4540 | D:5      | Noticed Prince Ribbit
  4549 | D:5      | Noticed Duvessa
  4566 | D:5      | Killed Duvessa
  4566 | D:5      | Reached skill level 5 in Dodging
  4576 | D:5      | Reached skill level 6 in Unarmed Combat
  4576 | D:5      | Reached XP level 8. HP: 21/68 MP: 6/14
  4824 | D:5      | Reached skill level 1 in Throwing
  4880 | D:5      | Noticed Menkaure
  4903 | D:5      | Learned a level 3 spell: Confuse
  4937 | D:5      | Killed Menkaure
  5093 | D:5      | Killed Prince Ribbit
  5188 | D:5      | Reached skill level 5 in Spellcasting
  5613 | D:6      | Reached skill level 7 in Unarmed Combat
  5674 | D:6      | Found a glowing golden altar of the Shining One.
  5679 | D:6      | Found a basalt altar of Yredelemnul.
  5681 | D:6      | Noticed a profane servitor
  5805 | D:6      | Found a snail-covered altar of Cheibriados.
  5809 | D:6      | Found a burning altar of Makhleb.
  5812 | D:6      | Found a glowing silver altar of Zin.
  5860 | D:6      | Found a stormy altar of Qazlal.
  5918 | D:6      | Reached XP level 9. HP: 55/75 MP: 10/17
  6173 | D:6      | Reached skill level 1 in Hexes
  6469 | D:6      | Learned a level 5 spell: Blade Hands
  6525 | D:7      | Found a runed translucent gate.
  6525 | D:7      | Found a runed translucent gate.
  6525 | D:7      | Found a runed translucent gate.
  6727 | D:7      | Reached skill level 1 in Transmutations
  6787 | D:7      | Found a staircase to the Ecumenical Temple.
  6799 | D:7      | Reached skill level 8 in Unarmed Combat
  6813 | Temple   | Entered the Ecumenical Temple
  6821 | Temple   | Became a worshipper of Sif Muna the Loreminder
  6821 | Temple   | Reached * piety under Sif Muna
  6821 | Temple   | Identified Rewexyfy's Almanac of Warped Augmentations (Sif
                  | Muna gifted it to you in the Ecumenical Temple)
  6821 | Temple   | Received a gift from Sif Muna
  7084 | D:7      | Noticed yrara's ghost (novice DsFi)
  7226 | D:8      | Noticed a troll
  7278 | D:8      | Noticed a troll
  7283 | D:8      | Noticed a two-headed ogre
  7312 | D:8      | Reached XP level 10. HP: 52/86 MP: 11/19
  7350 | D:7      | Learned a level 2 spell: Flaming Arrows
  7373 | D:8      | Noticed a red ugly thing
  7993 | D:8      | Reached skill level 1 in Bows
  8184 | D:8      | Reached skill level 1 in Fire Magic
  8207 | D:8      | Killed a two-headed ogre
  8294 | D:8      | Reached skill level 1 in Charms
  8692 | D:9      | Reached ** piety under Sif Muna
  8749 | D:9      | Noticed a centaur warrior
  8756 | D:9      | Found an iron altar of Okawaru.
  8767 | D:9      | Killed a centaur warrior
  8865 | D:9      | Reached XP level 11. HP: 91/94 MP: 19/21
  8984 | D:9      | Reached skill level 9 in Unarmed Combat
  9147 | D:9      | Identified Sif Muna's Papyrus of Lightness and Moulding
                  | (Sif Muna gifted it to you on level 9 of the Dungeon)
  9147 | D:9      | Received a gift from Sif Muna
  9588 | D:9      | Found a staircase to the Lair.
  9727 | D:9      | Found an opulent altar of Gozag.
  9727 | D:9      | Found an ornate altar of the Wu Jian Council.
  9728 | D:9      | Found a hide-covered altar of Uskayaw.
  9872 | D:10     | Entered Level 10 of the Dungeon
 10070 | D:10     | Noticed a brown ugly thing
 10081 | D:10     | Killed a brown ugly thing
 10123 | D:10     | Reached skill level 5 in Invocations
 11031 | Lair:1   | Entered Level 1 of the Lair of Beasts
 11117 | Lair:1   | Identified the Collected Works on Burning Aid
 11137 | Lair:1   | Found a dark tunnel.
 11150 | Volcano  | Entered a volcano
 11243 | Volcano  | Killed a two-headed ogre
 11269 | Volcano  | Noticed a hell hog
 11269 | Volcano  | Noticed a two-headed ogre
 11270 | Volcano  | Killed a two-headed ogre
 11279 | Volcano  | Identified a scroll of acquirement
 11279 | Volcano  | Identified the +10 great mace "String" {crush, rElec MP+9
                  | Str+4 Int-4} (You acquired it in a volcano)
 11279 | Volcano  | Identified the ring of Foifrar {Ice *Drain Str+5} (You
                  | acquired it in a volcano)
 11296 | Volcano  | Killed a hell hog
 11413 | Volcano  | Noticed a hell hog
 11421 | Volcano  | Killed a hell hog
 11452 | Volcano  | HP: 2/95 [something (13)]
 11455 | Volcano  | Engulfed by a cloud of flame

Skill      XL: |  1  2  3  4  5  6  7  8  9 10 11 |
---------------+----------------------------------+-----
Dodging        | 3 4 5 6 7 8 |  8.1
Spellcasting   | 1 2 4 5 6 7 |  7.7
Unarmed Combat | 4 5 6 7 8 9 |  9.4
Fighting       | 4 5 6 7 8 |  8.4
Throwing       | 2 |  2.8
Stealth        | 3 4 |  4.0
Hexes          | 1 |  1.8
Transmutations | 2 3 4 |  4.4
Invocations    | 3 4 5 |  5.0
Bows           | 2 4 |  4.9
Fire Magic     | 1 2 |  2.1
Charms         | 1 2 |  2.5

Action                   |  1- 3 |  4- 6 |  7- 9 | 10-12 || total
-------------------------+-------+-------+-------+-------++-------
Melee: Unarmed           |   113 |   251 |   291 |   158 ||   813
       Tailslap          |    13 |    30 |    33 |    23 ||    99
       Punch             |     1 |     6 |    13 |     4 ||    24
 Fire: Shortbow          |       |       |       |   180 ||   180
Throw: Tomahawk          |       |     2 |    50 |     1 ||    53
 Cast: Confuse           |       |       |     7 |       ||     7
       Flaming Arrows    |       |       |       |    42 ||    42
 Abil: Breathe Dispellin |       |       |    16 |     8 ||    24
Evoke: Wand              |       |       |       |     1 ||     1
  Use: Potion            |       |       |     4 |     4 ||     8
       Scroll            |       |       |     1 |    20 ||    21
 Stab: Sleeping          |     2 |     2 |    10 |     1 ||    15
       Distracted        |       |       |       |     1 ||     1
  Eat: Chunk             |     1 |     9 |    14 |    12 ||    36
       Ration            |       |       |       |     2 ||     2
Armor: Skin              |    27 |    45 |    50 |    59 ||   181
Dodge: Dodged            |    77 |   164 |   183 |   200 ||   624
